 Dungeon Sprint DCSS version 0.29.1-2-gbd0b4ee654 (webtiles) character file.

Game seed: 4579238587554704053

454 Zeld the Cleaver (level 6, -8/62 HPs)
             Began as a Minotaur Berserker on Oct 27, 2022.
             Was an Elder of Trog.
             Mangled by a two-headed ogre
             ... wielding a +0 giant club
              (23 damage)
             ... in the Dungeon (Sprint IX: "|||||||||||||||||||||||||||||").
             The game lasted 00:00:37 (775 turns).

Zeld the Cleaver (Minotaur Berserker)                Turns: 775, Time: 00:00:38

Health: -8/62      AC: 10    Str: 27    XL:     6   Next: 76%
Magic:  5/5        EV: 12    Int:  7    God:    Trog [****..]
Gold:   0          SH:  0    Dex:  9    Spells: 5/5 levels left

rFire   . . .      SeeInvis .   a - +3 war axe (vorpal)
rCold   . . .      Faith    .   (no shield)
rNeg    . . .      Spirit   .   b - +1 scale mail
rPois   .          Reflect  .   (helmet restricted)
rElec   .          Harm     .   (no cloak)
rCorr   .          Rampage  .   k - +0 pair of gloves
Will    .....      NoTele   +   (no boots)
Stlth   ..........              (no amulet)
HPRegen 0.20/turn               l - +3 ring of strength
MPRegen 0.09/turn               m - +3 ring of intelligence

@: on berserk cooldown, slowed, very slow
A: horns 2, retaliatory headbutt
a: Renounce Religion, Berserk, Trog's Hand, Brothers in Arms


You were in the Dungeon.
You worshipped Trog.
Trog was greatly pleased with you.
You visited 1 branch

Inventory:

Hand Weapons
 a - a +3 vorpal war axe (weapon)
Armour
 b - a +1 scale mail (worn)
 k - a +0 pair of gloves (worn)
Jewellery
 l - a +3 ring of strength (left hand)
 m - a +3 ring of intelligence (right hand)
Wands
 j - a wand of light (10)
Scrolls
 h - 2 scrolls of blinking
Potions
 c - 5 potions of curing
 d - 3 potions of heal wounds
 e - a potion of haste
 f - 4 potions of magic
 g - a potion of berserk rage
 i - a potion of invisibility


   Skills:
 + Level 8.6 Fighting
 * Level 11.6 Axes
 + Level 8.1 Armour
 + Level 7.4 Dodging


You had 5 spell levels left.
You didn't know any spells.
Your spell library was empty.

Dungeon Overview and Level Annotations

Branches:
Dungeon (1/1)

Altars:
Cheibriados
Dithmenos
Elyvilon
Fedhas
Gozag
Hepliaklqana
Kikubaaqudgha
Makhleb
Nemelex Xobeh
Okawaru
Qazlal
Ru
Sif Muna
Trog
Uskayaw
Vehumet
Wu Jian
Xom
Yredelemnul
Zin
The Shining One
Jiyva
Lugonu


Innate Abilities, Weirdness & Mutations

You have a pair of horns on your head.
You reflexively headbutt those who attack you in melee.


Message History

You hit the wraith.
The wraith is heavily damaged.
The wraith hits you! The wraith drains your vigour!
You feel yourself slow down.
You barely miss the wraith. You headbutt the wraith!
The wraith is almost destroyed.
The wraith closely misses you.
Unknown command.
You slash the wraith!
You destroy the wraith!
Trog accepts your kill.
You can now call in reinforcements.
Your Fighting skill increases to level 8!
Your Axes skill increases to level 11!
Your Dodging skill increases to level 7!
You have reached level 6!
You closely miss the kobold brigand.
Your headbutt misses the kobold brigand.
The kobold brigand hits you but does no damage.
Unknown command.
You barely miss the kobold brigand.
The kobold brigand hits you with a +0 short sword.
You slice the kobold brigand!!
Your headbutt misses the kobold brigand.
The kobold brigand is almost dead.
The kobold brigand misses you. You furiously retaliate!
You headbutt the kobold brigand!
You kill the kobold brigand!
Trog accepts your kill.
Your Armour skill increases to level 8!
You barely miss the two-headed ogre.
You are no longer berserk.
You are exhausted.
You feel as though you will be slow longer.
The two-headed ogre hits you with a +0 giant club!!
The two-headed ogre hits you with a +0 giant club!
* * * LOW HITPOINT WARNING * * *
You slice the two-headed ogre!!
The two-headed ogre is heavily wounded.
The two-headed ogre hits you with a +0 giant club!!
You die...

▓.▓
▓?▓
▓)▓
▓)▓
▓[▓
▓[▓
▓.▓
▓.▓
▓@▓
▓O▓
▓D▓
▓.▓
▓.▓
▓.▓
▓.▓
▓.▓


You could see a two-headed ogre and an acid dragon.

Vanquished Creatures
  A wraith (D)
  A black bear (D)
  An ogre (D)
  A kobold brigand (D)
  A howler monkey (D)
  An iguana (D)
  An ufetubus (D)
  An orc (D)
  A giant cockroach (D)
  A jackal (D)
  A quokka (D)
  A kobold (D)
  A rat (D)
13 creatures vanquished.

Notes
Turn   | Place    | Note
-------+----------+-------------------------------------------
     0 | D        | Zeld the Minotaur Berserker began the quest for the Orb.
     0 | D        | Reached XP level 1. HP: 19/19 MP: 0/0
     5 | D        | Reached skill level 4 in Axes
     8 | D        | Reached ** piety under Trog
   468 | D        | Noticed a black bear
   468 | D        | Noticed an iguana
   468 | D        | Noticed an ogre
   472 | D        | Killed a black bear
   473 | D        | Reached skill level 5 in Fighting
   473 | D        | Reached skill level 7 in Axes
   473 | D        | Reached skill level 5 in Armour
   473 | D        | Reached XP level 2. HP: 30/30 MP: 1/1
   473 | D        | Reached XP level 3. HP: 37/37 MP: 2/2
   473 | D        | Reached XP level 4. HP: 44/44 MP: 3/3
   477 | D        | Reached *** piety under Trog
   478 | D        | Reached skill level 8 in Axes
   478 | D        | Reached skill level 5 in Dodging
   480 | D        | Killed an ogre
   481 | D        | Reached skill level 9 in Axes
   481 | D        | Reached XP level 5. HP: 51/52 MP: 4/4
   683 | D        | Found a snail-covered altar of Cheibriados.
   683 | D        | Found a shadowy altar of Dithmenos.
   683 | D        | Found a white marble altar of Elyvilon.
   683 | D        | Found a blossoming altar of Fedhas.
   683 | D        | Found an opulent altar of Gozag.
   684 | D        | Found a hazy altar of Hepliaklqana.
   685 | D        | Found a viscous altar of Jiyva.
   686 | D        | Found an ancient bone altar of Kikubaaqudgha.
   687 | D        | Found a corrupted altar of Lugonu.
   688 | D        | Found a burning altar of Makhleb.
   689 | D        | Found a sparkling altar of Nemelex Xobeh.
   690 | D        | Found an iron altar of Okawaru.
   691 | D        | Found a stormy altar of Qazlal.
   699 | D        | Found a sacrificial altar of Ru.
   700 | D        | Found a shimmering blue altar of Sif Muna.
   701 | D        | Found a bloodstained altar of Trog.
   702 | D        | Found a hide-covered altar of Uskayaw.
   703 | D        | Found a radiant altar of Vehumet.
   704 | D        | Found an ornate altar of the Wu Jian Council.
   705 | D        | Found a shimmering altar of Xom.
   706 | D        | Found a basalt altar of Yredelemnul.
   707 | D        | Found a glowing silver altar of Zin.
   708 | D        | Found a glowing golden altar of the Shining One.
   763 | D        | Noticed a wraith
   763 | D        | Noticed a two-headed ogre
   763 | D        | Noticed an acid dragon
   763 | D        | Noticed a shadow
   767 | D        | Reached skill level 10 in Axes
   770 | D        | Killed a wraith
   770 | D        | Reached **** piety under Trog
   771 | D        | Reached skill level 11 in Axes
   771 | D        | Reached XP level 6. HP: 62/62 MP: 5/5
   775 | D        | Mangled by a two-headed ogre

Illustrated notes

Levels and vault maps discovered:
D:        linesprint [early_d, line_temple, items_1, d_10, items_2, lair_1,
          lair_end, items_3, orc_1, orc_end, items_4, d_15, swamp_1, shoals_1,
          snake_1, spider_1, d_20, vaults_1, items_5, swamp_end, shoals_end,
          snake_end, spider_end, vaults_end, d_27, items_6, zot_1, zot_end,
          crypt_end, forest_end, elf_end, slime_end, tomb_end, abyss_end,
          pan_hell_end]

Skill      XL: |  1  2  3  4  5  6 |
---------------+-------------------+-----
Axes           | 7 9 11 | 11.6
Fighting       | 5 7 8 |  8.6
Armour         | 5 6 7 8 |  8.1
Dodging        | 4 6 7 |  7.4

Action                   |  1- 3 |  4- 6 || total
-------------------------+-------+-------++-------
Melee: Hand axe          |    13 |     8 ||    21
       Headbutt          |     2 |     4 ||     6
       War axe           |       |    11 ||    11
Invok: Berserk           |     1 |     1 ||     2
Armor: Animal skin       |     2 |       ||     2
       Scale mail        |       |     2 ||     2
Dodge: Dodged            |     9 |     3 ||    12
